 Dungeon Crawl Stone Soup version 0.30.0-10-gfe55d96785 (webtiles) character file.

Game seed: 12065436664659867356

150 GigaChad the Shield-Bearer (level 5, -3/42 HPs)
             Began as a Formicid Fighter on May 13, 2023.
             Was a Believer of Wu Jian.
             Slain by an orc priest
             ... wielding a +0 mace
              (5 damage)
             ... on level 3 of the Dungeon on May 14, 2023.
             The game lasted 00:04:37 (1924 turns).

GigaChad the Shield-Bearer (Formicid Fighter)       Turns: 1924, Time: 00:04:38

Health: -3/42      AC:  7    Str: 22    XL:     5   Next: 58%
Magic:  5/5        EV:  7    Int:  8    God:    Wu Jian [**....]
Gold:   105        SH: 13    Dex: 13    Spells: 4/4 levels left

rFire   . . .        a - +0 war axe
rCold   . . .        n - +0 tower shield
rNeg    . . .        b - +0 scale mail
rPois   .            (helmet unavailable)
rElec   .            (no cloak)
rCorr   .            (no gloves)
SInv    +            (no boots)
Will    .....        (no amulet) Stlth
                     (no ring)
HPRegen 0.27/turn    (no ring)
MPRegen 0.09/turn

%: no passive effects
@: no status effects
A: permanent stasis, dig shafts and tunnels, antennae 3, four strong arms
a: Dig, Shaft Self, Renounce Religion, Wall Jump


You were on level 3 of the Dungeon.
You worshipped Wu Jian.
Wu Jian was pleased with you.
You visited 1 branch of the dungeon, and saw 3 of its levels.

You collected 105 gold pieces.

Inventory:

Hand Weapons
 a - a +0 war axe (weapon)
Missiles
 e - 2 throwing nets
Armour
 b - a +0 scale mail (worn)
 c - a +0 buckler
 n - a +0 tower shield (worn)
Wands
 l - a wand of roots (6)
Scrolls
 f - a scroll of noise
 h - 2 scrolls of immolation
 i - a scroll of teleportation
 j - a scroll of fog
Potions
 d - a potion of might
 g - a potion of haste {unknown}
 k - 2 potions of attraction {unknown}
 m - 2 potions of heal wounds {unknown}


   Skills:
 * Level 4.1 Fighting
 * Level 3.6 Axes
 * Level 4.0 Armour
 - Level 0.3 Dodging
 * Level 4.8 Shields


You had 4 spell levels left.
You didn't know any spells.
Your spell library was empty.

Dungeon Overview and Level Annotations

Branches:
Dungeon (3/15)

Altars:
Vehumet
Wu Jian


Innate Abilities, Weirdness & Mutations

You cannot be hasted, slowed, berserked, paralysed or teleported.
You can dig through walls and to a lower floor.
You have a pair of large antennae on your head. (SInv)
Your four strong arms can wield two-handed weapons with a shield.


Message History

The orc priest is heavily wounded.
You hit the rat.
You kill the rat!
The Council accepts your kill. You block the orc priest's attack.
Unknown command.
You closely miss the orc priest.
The orc priest is heavily wounded.
You block the orc priest's attack.
The orc priest hits you but does no damage.
Unknown command.
You barely miss the orc priest.
The orc priest is heavily wounded.
The orc priest mumbles some strange prayers to Beogh against you.
Pain shoots through your body!
Unknown command.
You slash the orc priest!
You kill the orc priest!
The Council accepts your kill. You block the orc priest's attack.
Unknown command.
You hit the orc priest.
The orc priest is lightly wounded.
The orc priest calls down the wrath of Beogh upon you.
You struggle to resist.
The orc priest invokes the aid of Beogh against you.
Beogh smites you!
* * * LOW HITPOINT WARNING * * *
You barely miss the orc priest.
The orc priest is lightly wounded.
You block the orc priest's attack.
You closely miss the orc priest.
The orc priest is lightly wounded.
You block the orc priest's attack. x2
Unknown command.
Unknown command.
You closely miss the orc priest.
The orc priest is lightly wounded.
The orc priest hits you with a +0 mace.
You die...

#####.######.##..# #.#
#.#...# #.# #....##
##.# ###<.# #..# #..#
#.#### #..#
#....######..#
#..##########.........#
#....oo@†............##
#.###########..#####.#
#..# #..# #..# #..#
.... .##


You could see an orc priest and an orc.

Vanquished Creatures
  An orc priest (D:3)
  3 gnolls (D:2)
  An adder (D:2)
  A worm (D:3)
  2 dart slugs
  8 orcs (D:3)
  6 endoplasms
  2 giant cockroaches
  5 goblins
  5 hobgoblins
  2 jackals (D:1)
  4 quokkas
  2 ball pythons (D:2)
  2 bats
  5 frilled lizards
  10 kobolds
  6 rats
  A spectral hobgoblin (D:1)
66 creatures vanquished.

Notes
Turn   | Place    | Note
-------+----------+-------------------------------------------
     0 | D:1      | GigaChad the Formicid Fighter began the quest for the Orb.
     0 | D:1      | Reached XP level 1. HP: 18/18 MP: 1/1
   170 | D:1      | Reached XP level 2. HP: 22/24 MP: 2/2
   274 | D:1      | Found a faded altar of an unknown god.
   302 | D:1      | Prayed at the altar of an unknown god.
   302 | D:1      | Became a worshipper of the Wu Jian Council
   302 | D:1      | Reached * piety under Wu Jian
   366 | D:1      | Upgraded the game from 0.30.0-5-g1a98f26d00 to
                  | 0.30.0-10-gfe55d96785
   465 | D:1      | Reached XP level 3. HP: 29/29 MP: 3/3
   894 | D:2      | Reached ** piety under Wu Jian
  1027 | D:2      | Reached XP level 4. HP: 37/37 MP: 4/4
  1594 | D:3      | Reached XP level 5. HP: 26/42 MP: 5/5
  1742 | D:3      | Found a radiant altar of Vehumet.
  1921 | D:3      | HP: 1/42 [orc priest/divine providence (16)]
  1924 | D:3      | Slain by an orc priest

Illustrated notes

Levels and vault maps discovered:
D:1:      scummos_arrival_hexagon, layout_loops_ring,
          dreamdust_ecumenical_altar_drowned_temple, lexackson_kobold_supper
D:2:      minmay_diamond_boxcup, layout_loops_ring, serial_bayou_pond_d
D:3:      layout_loops_ring, mainiacjoe_overflow_brackets,
          amcnicky_mini_rare_corridor_liquid

Skill      XL: |  1  2  3  4  5 |
---------------+----------------+-----
Fighting       | 4 |  4.1
Axes           | 3 |  3.6
Armour         | 4 |  4.0
Dodging        | |  0.3
Shields        | |  4.8

Action                     |  1- 3 |  4- 6 || total
---------------------------+-------+-------++-------
  Melee: War axe           |   107 |    68 ||   175
Ability: Lunge             |     9 |     4 ||    13
         Whirlwind         |     2 |     2 ||     4
    Use: Scroll            |       |     4 ||     4
 Armour: Scale mail        |    61 |    27 ||    88
  Dodge: Dodged            |    46 |    19 ||    65
  Block: Buckler           |    30 |    10 ||    40
         Tower shield      |       |    15 ||    15
